 Dungeon Crawl Stone Soup version 0.30.0-5-g1a98f26d00 (webtiles) character file.

Game seed: 2357245807572483198

5859 monsoonserge the Covert (level 10, 0/76 HPs)
             Began as a Gnoll Enchanter on May 10, 2023.
             Was a Believer of Wu Jian.
             Slain by a killer bee (5 damage)
             ... on level 10 of the Dungeon.
             The game lasted 00:42:01 (8862 turns).

monsoonserge the Covert (Gnoll Enchanter)           Turns: 8862, Time: 00:42:01

Health: 0/76       AC:  7    Str: 15    XL:     10   Next: 81%
Magic:  10/21      EV: 14    Int: 18    God:    Wu Jian [**....]
Gold:   213        SH:  0    Dex: 12    Spells: 11/24 levels left

rFire   . . .        I - +2 dagger (drain)
rCold   . . .        (no shield)
rNeg    . . .        B - +2 robe {Archmagi}
rPois   .            y - +0 helmet
rElec   .            (no cloak)
rCorr   .            (no gloves)
SInv    .            K - +0 pair of boots
Will    .....        (no amulet)
Stlth   ++++         L - +6 ring of strength
HPRegen 0.32/turn    M - ring of wizardry
MPRegen 0.17/turn

%: wizardry (x1), archmagi
@: lethally poisoned (0 -> -4), on blink cooldown, invisible
A: fangs 1, strong nose, distributed training
a: Renounce Religion, Wall Jump


You were on level 10 of the Dungeon.
You worshipped Wu Jian.
Wu Jian was pleased with you.
You visited 2 branches of the dungeon, and saw 11 of its levels.

You collected 375 gold pieces.
You spent 162 gold pieces at shops.

Inventory:

Hand Weapons
 d - a +2 dagger of venom
 I - a +2 dagger of draining (weapon)
 O - a +4 dagger
Missiles
 a - 7 javelins (quivered)
 q - 74 stones
 H - 2 atropa-tipped darts
 J - 6 poisoned darts
Armour
 y - a +0 helmet (worn)
 B - a +2 robe of the Archmagi (worn)
 G - a +2 robe of willpower
 K - a +0 pair of boots (worn)
 R - +0 acid dragon scales
Magical Staves
 i - a staff of earth
 Q - a staff of cold
Jewellery
 f - an amulet of guardian spirit
 L - a +6 ring of strength (left hand)
 M - a ring of wizardry (right hand)
Wands
 w - a wand of charming (8)
 D - a wand of iceblast (7)
 P - a wand of mindburst (5)
Scrolls
 g - 6 scrolls of identify {unknown}
 h - 4 scrolls of teleportation {unknown}
 j - a scroll of amnesia {unknown}
 k - a scroll of butterflies {unknown}
 n - 2 scrolls of magic mapping {unknown}
 r - 3 scrolls of noise {unknown}
 t - 2 scrolls of silence {unknown}
 u - 2 scrolls of immolation {unknown}
 v - 2 scrolls of fog {unknown}
 z - a scroll of enchant weapon {unknown}
 A - a scroll of poison {unknown}
 C - 2 scrolls of blinking
 E - a scroll of enchant armour {unknown}
Potions
 b - 2 potions of lignification {unknown}
 e - a potion of haste {unknown}
 l - 3 potions of flight {unknown}
 m - 4 potions of degeneration {unknown}
 o - a potion of berserk rage {unknown}
 p - 4 potions of attraction {unknown}
 s - 3 potions of heal wounds
 x - 4 potions of curing
 F - a potion of mutation {unknown}
 N - a potion of brilliance {unknown}


   Skills:
 + Level 5.8 Fighting
 + Level 6.4 Short Blades
 + Level 5.8 Long Blades
 + Level 5.8 Axes
 + Level 5.8 Maces & Flails
 + Level 5.8 Polearms
 + Level 5.8 Staves
 + Level 5.8 Ranged Weapons
 + Level 5.8 Throwing
 + Level 5.8 Armour
 + Level 7.5 Dodging
 + Level 8.4 Stealth
 + Level 5.8 Shields
 + Level 5.8 Unarmed Combat
 + Level 7.8 Spellcasting
 + Level 4.8 Conjurations
 + Level 7.4 Hexes
 + Level 4.8 Summonings
 + Level 4.8 Necromancy
 + Level 4.8 Translocations
 + Level 4.8 Transmutations
 + Level 4.8 Fire Magic
 + Level 4.8 Ice Magic
 + Level 4.8 Air Magic
 + Level 4.8 Earth Magic
 + Level 4.8 Poison Magic
 + Level 6.4 Invocations
 + Level 5.8 Evocations


You had 11 spell levels left.
You knew the following spells:

 Your Spells              Type           Power      Damage    Failure   Level
a - Ensorcelled Hibernat  Hex/Ice        86%        N/A       1%          2
b - Confusing Touch       Hex            50%        N/A       1%          3
c - Blink                 Tloc           72%        N/A       1%          2
d - Mephitic Cloud        Conj/Pois/Air  36%        N/A       1%          3
e - Dazzling Flash        Conj/Hex       86%        N/A       1%          3

Your spell library contained the following spells:

 Spells                   Type           Power      Damage    Failure   Level
 Magic Dart               Conj           100%       1d8       1%          1
 Call Imp                 Summ           72%        N/A       1%          2
 Lesser Beckoning         Tloc           72%        N/A       1%          2
 Momentum Strike          Conj/Tloc      72%        3d10      1%          2
 Tukima's Dance           Hex            50%        N/A       1%          3
 Vhi's Electric Charge    Tloc/Air       72%        N/A       1%          3
 Volatile Blastmotes      Fire/Tloc      72%        2d16      1%          3
 Leda's Liquefaction      Hex/Erth       21%        N/A       3%          4
 Iskenderun's Mystic Bla  Conj/Tloc      36%        2d9       6%          4
 Silence                  Hex/Air        21%        N/A       9%          5
 Arcjolt                  Conj/Air       18%        1d28      16%         5
 Fireball                 Conj/Fire      18%        3d9       16%         5
 Lee's Rapid Deconstruct  Erth           18%        3d11*     16%         5
 Starburst                Conj/Fire      18%        6d7       61%         6
 Statue Form              Tmut/Erth      24%        N/A       61%         6
 Storm Form               Tmut/Air       18%        N/A       98%         7
 Maxwell's Capacitive Co  Air            18%        ∞         100%        8


Dungeon Overview and Level Annotations

Branches:
Dungeon (10/15)            Temple (1/1) D:5            Lair (0/5) D:9
    Orc: D:9-12

Altars:
Ashenzari
Cheibriados
Dithmenos
Elyvilon
Fedhas
Gozag
Hepliaklqana
Kikubaaqudgha
Makhleb
Nemelex Xobeh
Okawaru
Qazlal
Ru
Sif Muna
Trog
Uskayaw
Vehumet
Wu Jian
Xom
Yredelemnul
Zin
The Shining One

Shops:
D:3 =**:

Annotations:
D:8 Need dig


Innate Abilities, Weirdness & Mutations

You have very sharp teeth.
Your uncanny sense of smell can sniff out nearby items.
Your experience applies equally to all skills.


Message History

The killer bee is lightly wounded.
You spin and attack the killer bee.
You catch the helpless killer bee completely off-guard!
You puncture the killer bee!
The killer bee is severely wounded.
You spin and attack the acid dragon.
You hit the acid dragon. You drain the acid dragon.
Your bite misses the acid dragon.
The acid dragon is heavily wounded.
You feel sick. The acid dragon closely misses you.
The acid dragon barely misses you. The killer bee barely misses you.
Unknown command.
You lunge at the killer bee.
You miss the killer bee. Your bite misses the killer bee.
The killer bee is lightly wounded.
You spin and attack the acid dragon.
You hit the acid dragon but do no damage.
You bite the acid dragon, but do no damage.
The acid dragon is heavily wounded.
You feel sick. The killer bee barely misses you. The killer bee stings you.
* * * LOW HITPOINT WARNING * * *
The acid dragon closely misses you. The acid dragon completely misses you.
The killer bee misses you.
Casting: Dazzling Flash (safe; 1% risk of failure)
Confirm with . or Enter, or press ? or * to list all spells.
You feel a surge of power!
You blink.
You feel sick.
The killer bee is no longer blind.
The killer bee barely misses you.
The acid dragon barely misses you. x2; The killer bee stings you.
* * * LOW HITPOINT WARNING * * *
Unknown command.
You fade into invisibility!
You feel sick.
The killer bee stings you but does no damage.
The killer bee closely misses you. The killer bee stings you.
* * * LOW HITPOINT WARNING * * *
The killer bee misses you. The acid dragon bites you.
* * * LOW HITPOINT WARNING * * *
The acid dragon closely misses you.
The killer bee stings you but does no damage.
The killer bee stings you.
You die...

#### #.. #.#
#####.# #.....#
#.....###
+...y...#
#...y@#.# ~
#...Dy#.# ∆
...####.....#.#
~##.........#.#
~(..........#.#
#.#.....†.###.#
# #...$...# #.#
#.#.......# #.#
.######### #.#


You could see an acid dragon (unable to see you, very drained) and 3 killer
bees.

Vanquished Creatures
  A two-headed ogre (D:9)
  A freezing wraith (D:10)
  2 polar bears (D:9)
  Prince Ribbit (D:6)
  2 trolls (D:9)
  Sigmund (D:5)
  A shadow (D:10)
  A wyvern (D:9)
  Eustachio (D:4)
  Menkaure (D:5)
  An acid dragon (D:10)
  3 water moccasins
  An orc warrior (D:8)
  3 ice beasts (D:9)
  A sky beast (D:7)
  2 ogres (D:5)
  A wolf (D:9)
  2 centaurs
  4 phantoms
  3 bullfrogs
  2 gnoll sergeants
  Blork the orc (D:5)
  A scorpion (D:4)
  4 wights
  3 killer bees (D:10)
  2 howler monkeys (D:6)
  An iron imp (D:6)
  A wyvern simulacrum (D:9)
  2 hounds (D:7)
  A gnoll bouda (D:9)
  An orc priest (D:8)
  2 jellies
  3 iguanas
  8 orc wizards
  A centaur simulacrum (D:9)
  11 gnolls
  9 adders
  A river rat (D:9)
  A shadow imp (D:6)
  4 white imps
  A howler monkey simulacrum (D:9)
  3 ufetubi
  2 worms
  4 dart slugs
  16 orcs
  5 ball pythons
  6 endoplasms
  7 giant cockroaches
  5 hobgoblins
  4 jackals (D:3)
  4 quokkas
  4 bats
  4 frilled lizards
  10 goblins
  9 kobolds
  7 rats
183 creatures vanquished.

Notes
Turn   | Place    | Note
-------+----------+-------------------------------------------
     0 | D:1      | monsoonserge the Gnoll Enchanter began the quest for the
                  | Orb.
     0 | D:1      | Reached XP level 1. HP: 13/13 MP: 6/6
   148 | D:1      | Reached XP level 2. HP: 17/19 MP: 7/7
   163 | D:1      | Got the Teachings on the Sixfirhy and Ashes
   168 | D:1      | Learned a level 2 spell: Ensorcelled Hibernation
   451 | D:1      | You fall into a shaft and drop 1 floor!
   467 | D:3      | HP: 1/20 [poisoned by an adder]
   558 | D:3      | Reached skill level 5 in Spellcasting
   558 | D:3      | Reached XP level 3. HP: 17/25 MP: 1/9
   562 | D:3      | Learned a level 3 spell: Confusing Touch
   693 | D:3      | Reached skill level 6 in Stealth
   705 | D:3      | Found Lisoa's General Store.
   717 | D:3      | Bought a potion of heal wounds for 65 gold pieces
   730 | D:3      | Found Citaxuj's General Store.
   819 | D:3      | Found Ufecas Jiod's Book Shoppe.
   841 | D:3      | Reached skill level 1 in Invocations
  1134 | D:1      | Reached skill level 1 in Fighting
  1134 | D:1      | Reached skill level 1 in Long Blades
  1134 | D:1      | Reached skill level 1 in Axes
  1134 | D:1      | Reached skill level 1 in Maces & Flails
  1134 | D:1      | Reached skill level 1 in Polearms
  1134 | D:1      | Reached skill level 1 in Staves
  1134 | D:1      | Reached skill level 1 in Ranged Weapons
  1134 | D:1      | Reached skill level 1 in Throwing
  1134 | D:1      | Reached skill level 1 in Armour
  1134 | D:1      | Reached skill level 1 in Shields
  1134 | D:1      | Reached skill level 1 in Unarmed Combat
  1134 | D:1      | Reached skill level 1 in Evocations
  1907 | D:2      | Found a faded altar of an unknown god.
  1966 | D:2      | Reached XP level 4. HP: 32/32 MP: 8/11
  1975 | D:2      | Reached skill level 1 in Conjurations
  1975 | D:2      | Reached skill level 1 in Summonings
  1975 | D:2      | Reached skill level 1 in Necromancy
  1975 | D:2      | Reached skill level 1 in Translocations
  1975 | D:2      | Reached skill level 1 in Transmutations
  1975 | D:2      | Reached skill level 1 in Fire Magic
  1975 | D:2      | Reached skill level 1 in Ice Magic
  1975 | D:2      | Reached skill level 1 in Air Magic
  1975 | D:2      | Reached skill level 1 in Earth Magic
  1975 | D:2      | Reached skill level 1 in Poison Magic
  2554 | D:3      | Found Zuyf Viv's Jewellery Boutique.
  2891 | D:4      | Noticed Eustachio
  2893 | D:4      | Found an ancient bone altar of Kikubaaqudgha.
  2900 | D:4      | Killed Eustachio
  2901 | D:4      | Reached XP level 5. HP: 28/38 MP: 8/12
  2901 | D:4      | Reached XP level 6. HP: 33/44 MP: 9/14
  2957 | D:4      | Found an opulent altar of Gozag.
  3058 | D:4      | Reached skill level 5 in Dodging
  3183 | D:3      | Bought a scroll of blinking for 97 gold pieces
  3352 | D:4      | Found a bloodstained altar of Trog.
  3548 | D:4      | Reached XP level 7. HP: 49/51 MP: 11/15
  3590 | D:4      | Learned a level 2 spell: Blink
  3778 | D:5      | Entered Level 5 of the Dungeon
  3970 | D:5      | Noticed Sigmund
  3980 | D:5      | Killed Sigmund
  4088 | D:5      | Reached XP level 8. HP: 58/58 MP: 9/16
  4189 | D:5      | Noticed Blork the orc
  4197 | D:5      | Killed Blork the orc
  4231 | D:5      | Noticed Menkaure
  4244 | D:5      | Killed Menkaure
  4266 | D:5      | Learned a level 3 spell: Mephitic Cloud
  4459 | D:5      | Found a staircase to the Ecumenical Temple.
  4465 | D:5      | Reached skill level 7 in Stealth
  4479 | Temple   | Entered the Ecumenical Temple
  4506 | Temple   | Became a worshipper of the Wu Jian Council
  4525 | D:5      | Learned a level 3 spell: Dazzling Flash
  4804 | D:6      | Found a snail-covered altar of Cheibriados.
  4863 | D:6      | Noticed Prince Ribbit
  4867 | D:6      | Killed Prince Ribbit
  4895 | D:6      | Reached XP level 9. HP: 65/65 MP: 18/18
  5527 | D:7      | Reached skill level 5 in Short Blades
  5532 | D:7      | Found a radiant altar of Vehumet.
  5877 | D:7      | Reached * piety under Wu Jian
  6284 | D:8      | Reached skill level 5 in Invocations
  7179 | D:9      | Noticed a death yak
  7195 | D:9      | Found a staircase to the Lair.
  7197 | D:9      | Noticed a death yak
  7530 | D:9      | Noticed a troll
  7536 | D:9      | Killed a troll
  7537 | D:9      | Reached skill level 5 in Fighting
  7537 | D:9      | Reached skill level 5 in Long Blades
  7537 | D:9      | Reached skill level 5 in Axes
  7537 | D:9      | Reached skill level 5 in Maces & Flails
  7537 | D:9      | Reached skill level 5 in Polearms
  7537 | D:9      | Reached skill level 5 in Staves
  7537 | D:9      | Reached skill level 5 in Ranged Weapons
  7537 | D:9      | Reached skill level 5 in Throwing
  7537 | D:9      | Reached skill level 5 in Armour
  7537 | D:9      | Reached skill level 5 in Shields
  7537 | D:9      | Reached skill level 5 in Unarmed Combat
  7537 | D:9      | Reached skill level 5 in Evocations
  7537 | D:9      | Reached XP level 10. HP: 74/74 MP: 20/20
  7599 | D:9      | Noticed a two-headed ogre
  7606 | D:9      | Killed a two-headed ogre
  7607 | D:9      | Reached skill level 8 in Stealth
  8251 | D:9      | Found a burning altar of Makhleb.
  8253 | D:9      | Found a hazy altar of Hepliaklqana.
  8253 | D:9      | Found a blossoming altar of Fedhas.
  8254 | D:9      | Found a glowing silver altar of Zin.
  8290 | D:9      | Reached ** piety under Wu Jian
  8540 | D:9      | Noticed a death yak
  8711 | D:10     | Entered Level 10 of the Dungeon
  8862 | D:10     | Slain by a killer bee

Illustrated notes

Levels and vault maps discovered:
D:1:      dpeg_arrival_court, layout_loops_ring
D:2:      layout_basic, chequers_ecumenical_altar_grove, minmay_split_cup_large
D:3:      layout_basic, serial_shops, nicolae_diamond_shop, shop, shop,
          nicolae_diamond_shop, minmay_pentomino_pile
D:4:      layout_loops_ring, grunt_gozag_breadcrumbs,
          mainiacjoe_overflow_tiny_flanked, overflow_temple_1_default,
          serial_rivers, chequers_serial_rivers_micro_d,
          chequers_serial_rivers_micro_a, chequers_serial_rivers_small_b,
          chequers_serial_rivers_micro_d, chequers_serial_rivers_micro_a,
          uniq_eustachio
D:5:      layout_basic, temple_green, uniq_menkaure, uniq_blork_the_orc,
          uniq_sigmund
D:6:      layout_basic, slow_altar_1, uniq_prince_ribbit1
D:7:      layout_basic, mainiacjoe_overflow_boulevard, minmay_crossroads
D:8:      layout_basic, nicolae_straight_to_the_point
D:9:      layout_loops_corners, chequers_temple_overflow_statue_of_worship,
          dpeg_lair_monsters, serial_ice, serial_ice_j, serial_ice_g,
          serial_ice_o, serial_ice_b
D:10:     layout_basic, zombieorc2_lemuel
Temple:   nicolae_temple_ecumenical_triangle

Skill      XL: |  1  2  3  4  5  6  7  8  9 10 |
---------------+-------------------------------+-----
Spellcasting   | 5 6 7 |  7.8
Stealth        | 6 7 8 |  8.4
Invocations    | 1 2 3 4 5 6 |  6.4
Fighting       | 1 2 3 5 |  5.8
Long Blades    | 1 2 3 5 |  5.8
Axes           | 1 2 3 5 |  5.8
Maces & Flails | 1 2 3 5 |  5.8
Polearms       | 1 2 3 5 |  5.8
Staves         | 1 2 3 5 |  5.8
Ranged Weapons | 1 2 3 5 |  5.8
Throwing       | 1 2 3 5 |  5.8
Armour         | 1 2 3 5 |  5.8
Shields        | 1 2 3 5 |  5.8
Unarmed Combat | 1 2 3 5 |  5.8
Evocations     | 1 2 3 5 |  5.8
Conjurations   | 1 2 3 4 |  4.8
Summonings     | 1 2 3 4 |  4.8
Necromancy     | 1 2 3 4 |  4.8
Translocations | 1 2 3 4 |  4.8
Transmutations | 1 2 3 4 |  4.8
Fire Magic     | 1 2 3 4 |  4.8
Ice Magic      | 1 2 3 4 |  4.8
Air Magic      | 1 2 3 4 |  4.8
Earth Magic    | 1 2 3 4 |  4.8
Poison Magic   | 1 2 3 4 |  4.8
Short Blades   | 3 4 5 6 |  6.4
Dodging        | 5 6 7 |  7.5
Hexes          | 6 7 |  7.4

Action                     |  1- 3 |  4- 6 |  7- 9 | 10-12 || total
---------------------------+-------+-------+-------+-------++-------
  Melee: Dagger            |    90 |    76 |   173 |   146 ||   485
         Punch             |     4 |     1 |     5 |     4 ||    14
         Bite              |     7 |     8 |    18 |    19 ||    52
  Throw: Javelin           |       |       |       |     1 ||     1
   Cast: Ensorcelled Hiber |    25 |    14 |    43 |     4 ||    86
         Confusing Touch   |       |     1 |     6 |     7 ||    14
         Mephitic Cloud    |       |       |     4 |     3 ||     7
         Blink             |       |       |     3 |     2 ||     5
         Dazzling Flash    |       |       |     2 |     6 ||     8
Ability: Lunge             |       |       |    33 |    12 ||    45
         Whirlwind         |       |       |       |    18 ||    18
    Use: Potion            |     2 |       |       |     1 ||     3
   Stab: Sleeping          |    21 |    17 |    53 |     7 ||    98
         Invisible         |     2 |       |       |     6 ||     8
         Confused          |       |     2 |     8 |     9 ||    19
         Distracted        |       |       |       |     1 ||     1
 Armour: Robe              |     6 |       |    14 |    42 ||    62
         Leather armour    |    10 |    13 |     4 |       ||    27
  Dodge: Dodged            |    37 |    42 |    77 |   153 ||   309
